 Dungeon Crawl Stone Soup version 0.24-a0-788-g2b66604 (console) character file.

Game seed: 9033940679569487049, levelgen mode: deterministic

190 vegansnacktivist the Digger (level 5, -9/38 HPs)
             Began as a Draconian Earth Elementalist on Oct 10, 2019.
             Mangled by an orc
             ... wielding a +1 falchion of electrocution
              (20 damage)
             ... on level 4 of the Dungeon.
             The game lasted 00:04:16 (3148 turns).

vegansnacktivist the Digger (DrEE)                  Turns: 3148, Time: 00:04:16

Health: -9/38      AC:  5    Str: 10    XL:     5   Next: 41%
Magic:  0/8        EV: 12    Int: 16    God:
Gold:   103        SH:  0    Dex: 12    Spells: 2/8 levels left

rFire    + . .     SeeInvis .   f - -2 spear (curse)
rCold    x . .     Gourm    .   (no shield)
rNeg     . . .     Faith    .   (armour unavailable)
rPois    .         Spirit   .   (helmet restricted)
rElec    .         Reflect  .   (no cloak)
rCorr    .         Harm     .   (no gloves)
MR       .....                  (no boots)
Stlth    ++........             m - amulet of inaccuracy (curse)
HPRegen  0.12/turn              h - ring of flight
MPRegen  0.11/turn              o - ring of fire

@: very slightly contaminated
A: unfitting armour, cold-blooded, AC +5
a: Evoke Flight


You were on level 4 of the Dungeon.
You were hungry.

You visited 1 branch of the dungeon, and saw 4 of its levels.

You collected 103 gold pieces.

Inventory:

Hand Weapons
 a - a +2 dagger of speed
 f - a cursed -2 spear (weapon)
 g - a +2 dagger of speed
Missiles
 b - 31 stones (quivered)
Jewellery
 h - a ring of flight (left hand)
 k - an uncursed amulet of magic regeneration {unknown}
 m - a cursed amulet of inaccuracy (around neck)
 o - a ring of fire (right hand)
Wands
 n - a wand of paralysis (7)
 p - a wand of digging (5)
Scrolls
 e - 3 scrolls of blinking
 i - 2 scrolls of teleportation
 l - a scroll of identify
Potions
 d - 2 potions of curing
 j - a potion of lignification
Comestibles
 c - 4 rations


   Skills:
 - Level 1.7 Dodging
 - Level 1.7 Stealth
 - Level 2.0 Spellcasting
 - Level 1.0 Transmutations
 + Level 6.2 Earth Magic


You had 2 spell levels left.
You knew the following spells:

 Your Spells              Type           Power        Failure   Level  Hunger
a - Sandblast             Erth           ###...       1%          1    #......
b - Passwall              Tmut/Erth      ##......     7%          2    ###....
c - Stone Arrow           Conj/Erth      ##....       17%         3    ###....

Your spell library contained the following spells:

 Spells                   Type           Power        Failure   Level  Hunger
 Lee's Rapid Deconstruct  Erth           ###.......   41%         5    ######.
 Petrify                  Tmut/Erth      ##......     43%         4    #####..


Dungeon Overview and Level Annotations

Branches:
Dungeon (4/15)
 Temple: D:4-7

Altars:
Cheibriados

Annotations:
D:3 exclusion: ice beast


Innate Abilities, Weirdness & Mutations

Your plain brown scales are hard. (AC +5)
You cannot fit into any form of body armour.
You are cold-blooded and may be slowed by cold attacks.


Message History

b - 32 stones Unknown command.
You barely miss the orc. The orc closely misses you.
You hit the orc but do no damage. The orc hits you but does no damage.
You closely miss the orc. The orc hits you but does no damage.
You are electrocuted!
You hit the orc but do no damage. The orc completely misses you.
You hit the orc but do no damage. The orc barely misses you.
Casting: Sandblast (safe; 1% risk of failure)
Confirm with . or Enter, or press ? or * to list all spells.
Aiming: Sandblast (safe; 1% risk of failure)
Press: ? - help, Shift-Dir - straight line, f/p - orc
Aim: an orc, wielding a +1 falchion of electrocution and wearing a +0 chain mail The blast of sand hits the orc but does no damage.
b - 31 stones The orc hits you with a +1 falchion of electrocution.
* * * LOW HITPOINT WARNING * * *
You are electrocuted!!
Ouch! That really hurt!
You die...

##.... ......
...... ##.#.<..
#.....
############...#
#....ho@......#
.)######.....######
##..#........#
###.........##...
#...........#
....#..<......##
#####............
#.........##..
####>###### .


You could see an orc and a jackal.

Vanquished Creatures
  3 orc wizards
  4 adders
  An ooze (D:1)
  A worm (D:3)
  A dart slug (D:2)
  3 leopard geckos
  5 orcs
  9 bats
  A giant cockroach (D:2)
  8 goblins
  6 hobgoblins
  4 jackals
  A kobold (D:3)
  A quokka (D:2)
  3 frilled lizards
  11 rats
62 creatures vanquished.

Notes
Turn   | Place    | Note
-------+----------+-------------------------------------------
     0 | D:1      | vegansnacktivist the Draconian Earth Elementalist began the
                  | quest for the Orb.
     0 | D:1      | Reached XP level 1. HP: 14/14 MP: 3/3
   204 | D:1      | Reached XP level 2. HP: 7/20 MP: 0/5
   693 | D:1      | Reached skill level 4 in Earth Magic
  1035 | D:2      | Reached XP level 3. HP: 16/26 MP: 6/6
  1037 | D:2      | Found a snail-covered altar of Cheibriados.
  1627 | D:3      | Learned a level 2 spell: Passwall
  1631 | D:3      | Learned a level 3 spell: Stone Arrow
  1644 | D:3      | Reached XP level 4. HP: 18/33 MP: 0/7
  1653 | D:3      | Reached skill level 5 in Earth Magic
  1828 | D:3      | Noticed an ice beast
  2556 | D:3      | Reached XP level 5. HP: 32/38 MP: 0/8
  3025 | D:4      | Reached skill level 6 in Earth Magic
  3148 | D:4      | Mangled by an orc

Levels and vault maps discovered:
D:1:      scummos_arrival_simple_fountains, layout_basic
D:2:      layout_basic, lemuel_round_altar
D:3:      layout_rooms, minmay_quadrilaterals
D:4:      minmay_chambers_of_threes, layout_rooms,
          nicolae_ru_the_path_less_chosen, first_ration, serial_shops, shop

Skill      XL: |  1  2  3  4  5 |
---------------+----------------+-----
Earth Magic    | 4 5 6 |  6.2
Dodging        | |  1.7
Stealth        | |  1.7
Spellcasting   | |  2.0
Transmutations | |  1.0

Action                   |  1- 3 |  4- 6 || total
-------------------------+-------+-------++-------
Melee: Unarmed           |    43 |       ||    43
       Tailslap          |     5 |     8 ||    13
       Spear             |   116 |   125 ||   241
 Cast: Sandblast         |    32 |    19 ||    51
       Stone Arrow       |       |    10 ||    10
  Use: Scroll            |     7 |       ||     7
 Stab: Sleeping          |     3 |     2 ||     5
  Eat: Chunk             |     3 |     6 ||     9
Armor: Skin              |    74 |    39 ||   113
Dodge: Dodged            |   135 |    82 ||   217

Table legend:
 A = Non-vault XP
 B = Vault XP
 C = Vault XP percentage of total XP
 D = Non-vault monster count
 E = Vault monster count
 F = Vault count percentage of total count
                 A         B        C        D         E       F
            +---------+---------+-------+---------+---------+-------
      Total |     268 |       4 |   1.5 |      59 |       3 |   4.8
            +---------+---------+-------+---------+---------+-------
        D:1 |      34 |       0 |   0.0 |      19 |       0 |   0.0
        D:2 |      50 |       0 |   0.0 |      14 |       0 |   0.0
        D:3 |     136 |       4 |   2.9 |      20 |       3 |  13.0
        D:4 |      48 |       0 |   0.0 |       6 |       0 |   0.0
            +---------+---------+-------+---------+---------+-------
